 Dungeon Crawl Stone Soup version 0.27-a0-345-g7370b58738 (webtiles) character file.

Game seed: 2665259510351161091

32 Chiseanne the Covert (level 3, -5/19 HPs)
             Began as a Spriggan Delver on Feb 15, 2021.
             Shot with an arrow by a centaur (13 damage)
             ... on level 5 of the Dungeon.
             The game lasted 00:00:38 (65 turns).

Chiseanne the Covert (Spriggan Delver)                Turns: 65, Time: 00:00:39

Health: -5/19      AC:  2    Str:  8    XL:     3   Next: 8%
Magic:  4/4        EV: 18    Int: 11    God:
Gold:   24         SH:  0    Dex: 17    Spells: 2/2 levels left

rFire    . . .     SeeInvis +   a - +0 short sword
rCold    . . .     Faith    .   (shield restricted)
rNeg     . . .     Spirit   .   b - +0 robe
rPois    .         Reflect  .   (helmet restricted)
rElec    .         Harm     .   (no cloak)
rCorr    .         Rampage  .   (gloves unavailable)
Will     .....                  (boots unavailable)
Stlth    ++++......             (no amulet)
HPRegen  0.06/turn              (no ring)
MPRegen  0.09/turn              (no ring)

@: very quick
A: very small, unfitting armour, see invisible, speed 3
a: no special abilities


You were on level 5 of the Dungeon.
You visited 1 branch of the dungeon, and saw 1 of its levels.

You collected 24 gold pieces.

Inventory:

Hand Weapons
 a - a +0 short sword (weapon)
Armour
 b - a +0 robe (worn)
Wands
 g - a wand of digging (3)
Scrolls
 c - a scroll of fog
 d - a scroll of magic mapping
 e - a scroll of fear
 i - a scroll of enchant armour {unknown}
Potions
 f - a potion of haste
 h - a potion of curing {unknown}


   Skills:
 - Level 2.4 Fighting
 - Level 2.1 Short Blades
 - Level 2.6 Dodging
 * Level 8.7 Stealth


You had 2 spell levels left.
You didn't know any spells.
Your spell library contained the following spells:

 Spells                   Type           Power        Failure   Level
 Foxfire                  Conj/Fire      0%           34%         1
 Conjure Flame            Conj/Fire      0%           71%         3
 Inner Flame              Hex/Fire       0%           71%         3
 Sticky Flame             Conj/Fire      0%           98%         4
 Fireball                 Conj/Fire      0%           100%        5


Dungeon Overview and Level Annotations

Branches:
Dungeon (5/15)
 Temple: D:4-7

Altars:

Annotations:
D:5 1 runed translucent door, highc0's ghost, amateur DEEn


Innate Abilities, Weirdness & Mutations

You are very small and have problems with some larger weapons.
You are too small for most types of armour.
You have supernaturally acute eyesight. (SInv)
You cover ground extremely quickly.


Message History

There is an open door here.
You see here a book of Flames.
You pick up a book of Flames and begin reading...
You add the spells Foxfire, Conjure Flame, Inner Flame, Sticky Flame and Fireball to your library.
The helpless jelly fails to defend itself.
You impale the jelly!!
You kill the jelly!
Your Stealth skill increases to level 8!
You have reached level 2!
You have reached level 3!
Your experience leads to an increase in your attributes!
Increase (s)trength, (i)ntelligence, or (d)exterity?
You feel agile.
You open the door.
There is an open door here.
You close the door.
You open the door.
Found a hunting sling.
A shadow imp comes into view.
Found 15 gold pieces.
There is an open door here.
You see here 15 gold pieces.
You now have 24 gold pieces (gained 15).
Found a scroll labelled SAUTAY RAEVA.
The shadow imp shouts!
The shadow imp hits you.
You hit the shadow imp but do no damage.
The shadow imp closely misses you.
Found a scroll labelled LAICEC SAWOR.
The shadow imp lashes its tail.
You see here a scroll labelled SAUTAY RAEVA.
i - a scroll labelled SAUTAY RAEVA
Found a scroll labelled QUMEEH NAFOFF.
A centaur comes into view.
The centaur wields a +0 shortbow.
The centaur shoots an arrow.
The arrow hits you!
Ouch! That really hurt!
The centaur shoots an arrow.
The arrow hits you!
Ouch! That really hurt!
You die...

#....# .. #....# ... #....
...#+########...
!.c.....>.....# ..............#
............B.#
...........5..#####
.......@.####.....# .....?..>#
#.....# #... ......###+###
#.....# +...#......# +.....#
#...#.[....# #.....+
#...#......# #####.....#
#...#......# #.....)...##
##...#......######.............
..)..#........................?


You could see a centaur, a worker ant and a shadow imp.

Vanquished Creatures
  A jelly (D:5)
1 creature vanquished.

Notes
Turn   | Place    | Note
-------+----------+-------------------------------------------
     0 | D:5      | Chiseanne the Spriggan Delver began the quest for the Orb.
     0 | D:5      | Reached XP level 1. HP: 11/11 MP: 2/2
     7 | D:5      | Found a runed translucent door.
     8 | D:5      | Noticed highc0's ghost (amateur DEEn)
    16 | D:5      | Noticed a worker ant
    18 | D:5      | Noticed a jelly
    32 | D:5      | Killed a jelly
    33 | D:5      | Reached skill level 8 in Stealth
    33 | D:5      | Reached XP level 2. HP: 16/16 MP: 3/3
    33 | D:5      | Reached XP level 3. HP: 19/19 MP: 4/4
    63 | D:5      | Noticed a centaur
    65 | D:5      | Shot with an arrow by a centaur

Illustrated notes

Levels and vault maps discovered:
D:5:      layout_gridville, ebering_ghost_reflecting_pool,
          minmay_divided_ellipse

Skill      XL: |  1 |
---------------+----+-----
Stealth        | 8 |  8.7
Fighting       | |  2.4
Short Blades   | |  2.1
Dodging        | |  2.6

Action                   || total
-------------------------++-------
Melee: Short sword       ||     2
 Stab: Sleeping          ||     1
Dodge: Dodged            ||     3

Table legend: (Time is in decaauts)
 A = Elapsed time spent in this place.
 B = Non-inter-level travel time spent in this place.
 C = Inter-level travel time spent in this place.
 D = Time resting spent in this place.
 E = Time spent auto-exploring this place.
 F = Levels seen in this place.
 G = Mean time per level.
                   A        B        C        D        E       F      G
               +--------+--------+--------+--------+--------+-----+--------+
         Total |     44 |     44 |      0 |      0 |      0 |   1 |   44.0 |
       Dungeon |     44 |     44 |      0 |      0 |      0 |   1 |   44.0 |
               +--------+--------+--------+--------+--------+-----+--------+

Top non-repeatable levels by time:
     D:5: 44 daAuts
